AoeStats
← Hefesto

Arabia

508905619Analyzed
1v1 RM · 9d ago on Sep 24, 2026· 57m 37s· 2 players
Game mode
Random Map
Map size
Tiny (2 player)
Population
200
Speed
Normal
Resources
Standard
Victory
Conquest
Starting age
Dark Age
Ending age
Imperial Age
RankedLock teamsTeams togetherTeam positionsShared explorationLock speedFull tech treeHidden civsTurbo modeCheats
Victory
Defeat
🇩🇰 Saxons · Denmark
1654
+13
🇪🇸 Khmer · Spain
1588
-13
VES Valdy
6:11 Loom
8:24 Feudal Age
6:40 Loom
10:02 Double-Bit Axe
11:01 Town Watch
14:06 Wheelbarrow
15:39 Fletching
21:31 Castle Age
21:18 Horse Collar
22:12 Bodkin Arrow
24:02 Padded Archer Armor
24:38 Heavy Plow
24:53 Bow Saw
24:37 Gold Mining
35:25 Ballistics
35:46 Husbandry
39:45 Gold Shaft Mining
41:57 Imperial Age
41:29 Squires
41:30 Scale Mail Armor
41:41 Forging
42:26 Chain Mail Armor
42:05 Elite Varangian Guard
42:21 Capped Ram
44:19 Heavy Plow
45:05 Plate Mail Armor
48:18 Arson
51:37 Iron Casting
53:51 Crop Rotation
53:05 Siege Ram
Hefesto
6:13 Loom
8:55 Feudal Age
9:31 Double-Bit Axe
11:35 Horse Collar
20:55 Castle Age
19:26 Scale Barding Armor
19:39 Bloodlines
20:32 Gold Mining
22:03 Chain Barding Armor
22:10 Husbandry
23:25 Bow Saw
37:40 Imperial Age
39:04 Plate Barding Armor
38:33 Cavalier
43:55 Forging
45:49 Gold Shaft Mining
49:02 Murder Holes
49:00 Fletching
50:05 Bodkin Arrow
51:35 Bracer
52:42 Stone Mining
54:42 Light Cavalry
Connection lost

Rejoining the realm…

Still unreachable

The connection could not be restored.

Session expired

The server has moved on; the page needs a fresh start.